Map: Disco Bloodbath LE

Players

TIME (Oliveira) - Winner!

  • Race: Terran Terran
  • Spawn Location: 9:00

MaNa

  • Race: Protoss Protoss
  • Spawn Location: 3:00

VOD

Have the link to the VOD?

Description

Time

  • Played on: Sept. 7, 2019, 1:27 p.m.
  • Length: 9:48
Show
View Real Time Build Order
Export as new Build Order

TIME Terran - Winner!

Build Orders: Reaper Expand 

Get SALT Encoding   

  12  0:00  SCV  
  13  0:13  SCV  
  14  0:17  Supply Depot  
  14  0:25  SCV  
  15  0:38  SCV  
  15  0:40  Barracks  
  16  0:43  Refinery  
  16  0:50  SCV  
  17  1:02  SCV  
  18  1:14  SCV  
  19  1:28  Orbital Command, Reaper  
  20  1:44  Command Center  
  20  1:49  Supply Depot  
  20  1:54  SCV  
  21  2:00  Barracks Reactor  
  21  2:02  Refinery  
  21  2:06  SCV  
  22  2:15  Bunker  
  22  2:18  SCV  
  23  2:22  Factory  
  23  2:30  SCV  
  23  2:36  Marine  
  23  2:37  Marine  
  25  2:42  SCV  
  27  2:54  Marine x2, SCV  
  27  2:56  Orbital Command  
  30  3:06  Widow Mine  
  30  3:07  Starport  
  30  3:09  SCV  
  33  3:13  Marine x2  
  35  3:21  SCV x2  
  37  3:28  Widow Mine  
  37  3:31  Supply Depot, Marine x2  
  41  3:35  SCV  
  41  3:39  SCV  
  42  3:47  Medivac  
  44  3:50  Marine x2, Factory Tech Lab  
  44  3:51  Barracks  
  44  3:53  SCV  
  44  3:54  SCV  
  48  3:58  Supply Depot  
  48  4:05  SCV  
  48  4:06  SCV  
  48  4:09  Siege Tank  
  53  4:13  Refinery, Marine  
  53  4:16  Supply Depot  
  54  4:17  Starport Tech Lab  
  54  4:19  SCV, Marine  
  56  4:30  SCV  
  55  4:31  SCV  
  55  4:36  Raven  
  58  4:43  SCV  
  58  4:44  Barracks  
  58  4:48  Stimpack, Marine  
  58  4:49  Marine  
  58  4:50  Factory Tech Lab  
  57  4:53  Marine  
  57  4:55  SCV  
  57  4:58  SCV  
  60  5:05  Marine  
  60  5:06  Supply Depot  
  61  5:07  Engineering Bay, Marine, SCV  
  61  5:11  SCV  
  62  5:15  Marine  
  62  5:19  Siege Tank, SCV  
  66  5:23  SCV, Marine  
  67  5:29  Marine  
  67  5:33  SCV  
  67  5:34  Marauder  
  67  5:36  SCV, Starport Reactor  
  67  5:38  Supply Depot x2, Terran Infantry Weapons Level 1  
  67  5:41  Marine x2  
  66  5:43  Combat Shield  
  66  5:46  SCV  
  64  5:53  SCV  
  64  5:54  Siege Tank  
  64  5:55  Marauder, Marine  
  70  5:59  Marauder  
  70  6:02  SCV  
  70  6:03  Supply Depot  
  73  6:04  Marine  
  73  6:05  Supply Depot, Refinery, SCV  
  75  6:13  Marine  
  75  6:16  Marauder  
  78  6:20  Marine, SCV  
  78  6:21  SCV  
  81  6:26  Medivac x2  
  81  6:27  Supply Depot  
  85  6:33  Factory Reactor  
  85  6:38  Marine  
  85  6:39  Marauder  
  87  6:42  Marauder  
  87  6:46  Concussive Shells  
  89  6:47  SCV  
  89  6:48  Command Center  
  90  6:54  SCV  
  90  6:56  Marine x2  
  90  6:57  Supply Depot  
  90  7:00  Marauder  
  95  7:05  Medivac x2  
  99  7:09  Marauder  
  99  7:10  SCV x2  
  99  7:13  Marine  
  104  7:16  Marine  
  104  7:21  Widow Mine x2  
  104  7:22  Marauder  
  111  7:30  Marine  
  111  7:31  Marine  
  113  7:38  Marine  
  113  7:40  Barracks x2  
  113  7:43  Marauder  
  116  7:46  Widow Mine x2  
  116  7:48  Marauder  
  116  7:49  Marine  
  122  7:52  Liberator x2  
  122  7:56  Marine  
  113  8:05  Marauder  
  109  8:07  Widow Mine, SCV, Marine  
  109  8:09  Marauder, SCV  
  109  8:10  Orbital Command  
  122  8:14  Marine  
  123  8:25  Marine x2  
  125  8:30  Marine  
  125  8:31  Marine  
  124  8:38  SCV  
  124  8:39  SCV  
  124  8:41  Barracks Tech Lab, Barracks Reactor  
  115  8:42  Marine  
  115  8:44  Marauder  
  115  8:47  SCV  
  115  8:48  Marine  
  117  8:49  Marine  
  117  8:52  Viking x2  
  117  8:55  SCV  
  124  8:56  SCV  
  124  8:59  SCV  
  124  9:00  Marine x2  
  126  9:05  Marauder  
  126  9:06  Marine  
  126  9:07  Marine, SCV  
  131  9:14  SCV  
  130  9:17  SCV, Marine x2  
  130  9:18  Marine  
  130  9:19  Marauder, SCV  
  136  9:24  Marauder  
  136  9:25  Marine  
  136  9:26  SCV  
  136  9:27  Marauder  
  136  9:29  SCV  
  136  9:31  SCV  
Show
View Real Time Build Order
Export as new Build Order

MaNa Protoss 

Build Orders: 1 Gate Expand, Phoenix Opening 

Get SALT Encoding   

  12  0:00  Probe  
  13  0:12  Probe  
  14  0:18  Pylon  
  14  0:24  Probe  
  15  0:32  Probe  
  15  0:40  Probe  
  15  0:41  Gateway  
  16  0:48  Assimilator  
  17  0:51  Probe  
  18  1:03  Probe  
  19  1:15  Probe  
  20  1:28  Cybernetics Core  
  20  1:30  Probe  
  21  1:37  Nexus  
  21  1:44  Assimilator  
  21  1:49  Pylon  
  21  1:51  Probe  
  22  1:57  Adept  
  22  2:03  Probe  
  25  2:14  Warp Gate  
  25  2:15  Probe  
  26  2:20  Sentry  
  26  2:27  Probe  
  29  2:35  Robotics Facility  
  29  2:39  Probe  
  30  2:46  Stalker  
  30  2:49  Probe  
  33  2:51  Probe  
  33  2:54  Phoenix  
  34  2:59  Gateway  
  34  3:01  Gateway  
  34  3:04  Probe  
  34  3:05  Probe  
  36  3:12  Warp Prism  
  36  3:16  Probe  
  36  3:17  Probe  
  40  3:29  Probe  
  40  3:30  Pylon  
  40  3:31  Probe  
  42  3:38  Pylon  
  42  3:41  Probe  
  43  3:49  Probe  
  43  3:53  Probe  
  45  4:00  Pylon  
  45  4:02  Stalker  
  45  4:03  Stalker x2  
  45  4:08  Probe x2  
  53  4:10  Pylon  
  53  4:37  Stalker x3  
  53  4:38  Probe x2  
  55  4:53  Probe  
  56  5:02  Probe  
  56  5:03  Immortal  
  56  5:05  Probe  
  56  5:06  Adept, Nexus, Robotics Bay  
  64  5:09  Forge  
  64  5:20  Probe  
  63  5:34  Immortal  
  55  5:36  Probe x2  
  55  5:40  Zealot, Stalker x2  
  67  5:44  Assimilator x2  
  67  5:48  Probe  
  68  5:56  Extended Thermal Lance  
  62  5:58  Probe  
  62  6:00  Protoss Ground Weapons Level 1  
  62  6:03  Pylon  
  63  6:09  Probe, Zealot x2  
  63  6:10  Probe  
  63  6:11  Colossus  
  69  6:19  Probe  
  69  6:21  Probe  
  69  6:22  Probe  
  78  6:31  Probe  
  79  6:33  Probe  
  79  6:34  Probe  
  79  6:35  Zealot x3  
  79  6:38  Twilight Council  
  87  6:41  Gateway  
  90  6:48  Gateway  
  90  6:52  Gateway  
  87  6:54  Gateway  
  87  6:55  Sentry x2  
  87  6:56  Zealot  
  93  7:02  Colossus  
  93  7:14  Pylon  
  99  7:16  Pylon  
  99  7:17  Pylon  
  99  7:25  Charge  
  99  7:29  Zealot  
  101  7:34  Zealot, Stalker  
  101  7:35  Probe x3  
  106  7:51  Pylon  
  88  8:00  Stalker  
  86  8:06  Stalker x4  
  86  8:07  Zealot  
  86  8:11  Immortal, Gateway  
  98  8:13  Probe x3  
  98  8:15  Photon Cannon, Zealot  
  98  8:17  Assimilator  
  103  8:22  Shield Battery  
  100  8:34  Zealot x2, Stalker x2  
  103  8:40  Probe  
  100  8:41  Probe x2  
  97  8:49  Shield Battery  
  97  8:51  Stalker x2  
  97  8:52  Probe  
  98  9:11  Zealot x2  
  102  9:20  Pylon  
  95  9:44  Stalker  
  95  9:45  Zealot  
Tags
 
Add a new tag
Caveats
  • Supply blocks, unpowered buildings, or Contaminate may cause inaccurate times.
  • Supply counts are checked every 10 seconds.